 Dungeon Crawl Stone Soup version 0.18-a0-731-ga019a5f (webtiles) character file.

57889 HandofTrog the Basher (level 14, -2/136 HPs)
             Began as a Troll Monk on Dec 9, 2015.
             Was the Champion of Ashenzari.
             Slain by a death yak (13 damage)
             ... on level 8 of the Lair of Beasts.
             The game lasted 02:28:35 (26570 turns).

HandofTrog the Basher (Troll Monk)                 Turns: 26570, Time: 02:28:35

Health: -2/136     AC: 18    Str: 35    XL:     14   Next: 47%
Magic:  17/19      EV:  9    Int:  9    God:    Ashenzari [******]
Gold:   1456       SH:  0    Dex: 12    Spells: 4 memorised, 14 levels left

rFire  . . .     SeeInvis +     f - +0 giant spiked club (curse)
rCold  . . .     Clarity  +     i - +4 mottled dragon armour of Untruth {Str+7} (curse)
rNeg   . . .     SustAt   +     (shield currently unavailable)
rPois  .         Gourm    +     (helmet restricted)
rElec  .         Spirit   .     c - +2 cloak (curse)
rCorr  .         Dismiss  .     (gloves unavailable)
rMut   .         Stasis   .     (boots unavailable)
MR     +....                    (no amulet)
Stlth  ++........               O - ring "Yduom" {SustAt Str+3 Int+2} (curse)
                                Z - +4 ring of slaying (curse)

@: very slightly contaminated, invisible, somewhat resistant to hostile
enchantments, unstealthy
A: unfitting armour, claws 3, fast metabolism 3, gourmand, regeneration 2,
shaggy fur 1, tough skin 2
a: Scrying, Transfer Knowledge, Renounce Religion


You were on level 8 of the Lair of Beasts.
You worshipped Ashenzari.
Ashenzari was exalted by your worship.
You were not hungry.

You visited 4 branches of the dungeon, and saw 24 of its levels.
You also visited: Sewer, Ossuary and Volcano.

You collected 2761 gold pieces.
You spent 1305 gold pieces at shops.

Inventory:

Hand Weapons
 e - a +0 flail of protection
 f - a cursed +0 giant spiked club (weapon)
 K - a +2 arbalest of flaming
Missiles
 h - 22 tomahawks (quivered)
 R - 8 large rocks
Armour
 a - a +0 large shield
 c - a cursed +2 cloak (worn)
 i - the cursed +4 mottled dragon armour of Untruth (worn) {Str+7}
   (You bought it in a shop on level 6 of the Dungeon)

   It affects your strength (+7).
   It has a curse placed upon it.
 B - the +0 cloak "Teus" {rN+ MR+ Int+3}
   (You found it on level 7 of the Lair of Beasts)

   It affects your intelligence (+3).
   It protects you from negative energy.
   It affects your resistance to hostile enchantments.
Rods
 N - a +0 rod of clouds (10/10)
   (You found it on level 6 of the Lair of Beasts)
Jewellery
 d - a +3 ring of intelligence
 l - an uncursed ring of sustain attributes
 z - an uncursed amulet of stasis
 J - an uncursed ring of flight
 L - an uncursed ring of fire
 O - the cursed ring "Yduom" (right claw) {SustAt Str+3 Int+2}
   (You found it on level 3 of the Lair of Beasts)

   [ring of sustain attributes]

   It sustains your strength, intelligence and dexterity.
   It affects your strength (+3).
   It affects your intelligence (+2).
   It has a curse placed upon it.
 Y - a +3 ring of protection
 Z - a cursed +4 ring of slaying (left claw)
Wands
 y - a wand of magic darts (15)
 C - a wand of random effects (30)
 M - a wand of disintegration (8)
 Q - a wand of polymorph (6)
 W - a wand of cold (8)
Scrolls
 g - 4 scrolls of curse jewellery
 j - 3 scrolls of curse weapon
 k - 3 scrolls of fog
 o - 2 scrolls of identify
 r - a scroll of recharging
 t - a scroll of teleportation
 v - a scroll of enchant armour
 E - a scroll of curse armour
 H - 5 scrolls of enchant weapon
 P - 2 scrolls of magic mapping
Potions
 m - 3 potions of flight
 s - 2 potions of invisibility
 u - a potion of might
 w - 4 potions of cancellation
 D - 7 potions of agility
 F - 7 potions of haste
 S - 9 potions of brilliance
 U - 2 potions of resistance
 V - a potion of ambrosia
Books
 n - a Young Poisoner's Handbook

   Spells                             Type                      Level
   a - Sting                          Conjuration/Poison           1
   b - Cure Poison                    Poison                       2
   c - Mephitic Cloud                 Conjuration/Poison/Air       3
   d - Olgreb's Toxic Radiance        Poison                       4
   e - Venom Bolt                     Conjuration/Poison           5
 T - a book of Maledictions

   Spells                             Type                      Level
   a - Corona                         Hexes                        1
   b - Ensorcelled Hibernation        Hexes/Ice                    2
   c - Confuse                        Hexes                        3
   d - Tukima's Dance                 Hexes                        3
   e - Dazzling Spray                 Conjuration/Hexes            3
Miscellaneous
 q - a sack of spiders
Comestibles
 b - 5 bread rations
 p - 6 fruits
 x - a slice of pizza
 A - a beef jerky
 G - 16 royal jellies
 I - 8 meat rations


   Skills:
 - Level 8.0 Fighting
 + Level 12.3(17.8) Maces & Flails
 - Level 0.8 Throwing
 - Level 9.4 Armour
 - Level 6.2(9.3) Dodging
 - Level 1.1(2.9) Stealth
 - Level 9.0 Shields
 - Level 7.3 Unarmed Combat
 - Level 4.0 Spellcasting
 - Level 1.4(3.4) Charms
 - Level 2.0(4.2) Summonings
 - Level 1.6(3.7) Necromancy
 - Level 2.7(5.2) Translocations
 - Level 2.0(4.2) Air Magic


You had 14 spell levels left.
You knew the following spells:

 Your Spells              Type           Power        Failure   Level  Hunger
a - Summon Butterflies    Summ           #.......     8%          1    #......
b - Blink                 Tloc           N/A          8%          2    ###....
c - Repel Missiles        Chrm/Air       #.....       12%         2    ###....
d - Corpse Rot            Necr           N/A          12%         2    ###....


Dungeon Overview and Level Annotations

Branches:
Dungeon (11/15)            Temple (1/1) D:6            Lair (8/8) D:11
  Swamp (0/4) Lair:6        Snake (0/4) Lair:4        Slime (0/6) Lair:7
    Orc (4/4) D:9
    Elf: Orc:3-4

Altars:
Ashenzari
Cheibriados
Dithmenos
Elyvilon
Fedhas
Gozag
Kikubaaqudgha
Makhleb
Nemelex Xobeh
Okawaru
Pakellas
Qazlal
Ru
Sif Muna
Trog
Vehumet
Xom
Yredelemnul
Zin
The Shining One
Beogh
Jiyva

Shops:
D:6 [   D:9 }

Annotations:
Orc:4 Saint Roka


Innate Abilities, Weirdness & Mutations

You are too large for most types of armour.
You have claws for hands.
Your metabolism is lightning-fast.
You like to eat raw meat.
You heal very quickly.
You are covered in fur (AC +1).
You have very tough skin (AC +2).


Message History

A death yak comes into view.
Casting: Blink
Confirm with . or Enter, or press ? or * to list all spells.
You miscast Blink.
You are very lightly contaminated with residual magic.
You spin around.
The death yak gores you!
* * * LOW HITPOINT WARNING * * *
The death yak gores you but does no damage.
The death yak gores you!
* * * LOW HITPOINT WARNING * * *
Casting: Blink
Confirm with . or Enter, or press ? or * to list all spells.
Okay, then.
Drink which item? (? for menu, Esc to quit)
You fade into invisibility!
The death yak barely misses you. The death yak closely misses you.
The death yak gores you.
* * * LOW HITPOINT WARNING * * *
The death yak gores you!
You die...

* ##P..PPP.... ,,
####,#.....P.P...,,
###...###...PP.....
,,
.................. ,
,,
#.......†......PP.,,
*,##.#...†.Y#......
*,
**#.P.†#####,...#. *
#.P.Y..#* , .##*
##..@P.#*, ,*#
#.YYY.# , ,* ** ,,
#.....##*, * ,**
##....#*,*,* ,,
##..##**,, ,, ####
,, * * * * * * *


You could see 4 death yaks.

Vanquished Creatures
  Maud (Lair:5)
  Josephine (Orc:2)
  5 hydras
  Harold (Orc:1)
  Fannar (D:10)
  A catoblepas (Lair:3)
  7 death yaks
  The ghost of JokEr the Fighter, a novice GrFi (D:7)
  An unseen horror (D:10)
  3 orc knights
  An ugly thing (D:7)
  2 orc sorcerers
  3 toenail golems (Volcano)
  2 cyclopes
  Maurice (Orc:2)
  2 black mambas
  Psyche (D:9)
  7 spiny frogs
  A kobold demonologist (Sewer)
  4 fire drakes (Lair:5)
  10 komodo dragons
  A queen bee (Lair:7)
  4 trolls
  Grinder (Sewer)
  9 blink frogs
  A boulder beetle (Lair:4)
  5 wraiths
  A spriggan (D:7)
  10 humans
  A basilisk (Lair:1)
  57 yaks
  11 hippogriffs
  20 wolves
  Menkaure (D:7)
  3 nagas (Lair:4)
  4 swamp worms (Lair:6)
  7 porcupines
  5 wargs
  A wasp (D:10)
  14 water moccasins
  3 ice beasts
  25 orc warriors
  4 sky beasts
  The ghost of Hedron the Ogre Mage, an amateur OgWz (D:5)
  2 black bears
  18 crocodiles
  10 ogres
  2 centaurs
  3 big kobolds
  9 giant frogs
  A wyvern skeleton (D:8)
  A water moccasin zombie (D:8)
  A scorpion (D:10)
  29 killer bees
  10 wights
  An electric eel (Lair:6)
  2 crimson imps
  7 hounds
  27 orc priests
  A wasp zombie (D:11)
  2 giant frog zombies (D:9)
  2 quasits
  A gnoll shaman (D:4)
  A jelly (D:6)
  2 giant frog skeletons
  29 orc wizards
  Ijyb (D:7)
  Terence (D:1)
  10 iguanas
  6 hell rats (Lair:2)
  2 worker ants
  5 big kobold zombies
  31 sheep
  8 mummies (Ossuary)
  A hound skeleton (D:9)
  Robin (D:2)
  14 adders
  7 gnolls
  57 river rats
  6 shadow imps
  3 ufetubi (Sewer)
  3 oozes
  2 adder zombies (D:8)
  An adder skeleton (D:9)
  5 giant geckos
  161 orcs
  8 bats
  11 giant cockroaches
  A gnoll zombie (Ossuary)
  22 goblins
  11 hobgoblins
  16 jackals
  34 kobolds
  5 quokkas
  A giant cockroach zombie (Sewer)
  2 giant newts
  2 hobgoblin zombies (Ossuary)
  4 kobold zombies (Ossuary)
  A quokka skeleton (D:4)
  A quokka zombie (D:7)
  7 rats
  A rat zombie (D:7)
  A butterfly (Lair:1)
  A fungus (Lair:1)
860 creatures vanquished.

Vanquished Creatures (others)
  An orc wizard (Orc:4)
  A kobold (Sewer)
  A bush (Lair:3)
  16 fungi
  10 plants
29 creatures vanquished.

Grand Total: 889 creatures vanquished

Notes
Turn   | Place    | Note
--------------------------------------------------------------
     0 | D:1      | HandofTrog the Troll Monk began the quest for the Orb.
     0 | D:1      | Reached XP level 1. HP: 22/22 MP: 0/0
   212 | D:1      | Reached XP level 2. HP: 27/29 MP: 1/1
   944 | D:2      | Noticed Terence
   964 | D:1      | Reached XP level 3. HP: 19/36 MP: 2/2
   971 | D:1      | Killed Terence
  1128 | D:2      | Reached XP level 4. HP: 44/44 MP: 3/3
  1225 | D:2      | Found a shadowy altar of Dithmenos.
  1354 | D:2      | Noticed Robin
  1388 | D:2      | Killed Robin
  2048 | D:3      | Reached XP level 5. HP: 37/53 MP: 4/4
  2302 | D:3      | Reached skill level 5 in Unarmed Combat
  2380 | D:3      | Reached XP level 6. HP: 35/61 MP: 5/5
  2728 | D:4      | Found a glowing drain.
  2751 | Sewer    | Entered a sewer
  2908 | Sewer    | Found a burning altar of Makhleb.
  2949 | Sewer    | Noticed Grinder
  2958 | Sewer    | Paralysed by Grinder for 7 turns
  2970 | Sewer    | Paralysed by something for 3 turns
  2977 | Sewer    | Paralysed by something for 7 turns
  2992 | Sewer    | Paralysed by Grinder for 2 turns
  3010 | Sewer    | Killed Grinder
  3010 | Sewer    | Reached skill level 1 in Shields
  3010 | Sewer    | Reached XP level 7. HP: 23/68 MP: 6/6
  3109 | Sewer    | Noticed an apprentice kobold demonologist
  3128 | Sewer    | Killed an apprentice kobold demonologist
  3461 | D:4      | Reached XP level 8. HP: 55/79 MP: 7/7
  3927 | D:4      | Reached skill level 5 in Dodging
  4004 | D:4      | Found a glowing golden altar of the Shining One.
  4202 | D:5      | Entered Level 5 of the Dungeon
  4206 | D:5      | Reached skill level 6 in Unarmed Combat
  4290 | D:5      | Noticed Hedron's ghost (amateur OgWz)
  4307 | D:5      | Killed Hedron's ghost
  4344 | D:5      | You fall through a shaft!
  4449 | D:6      | Reached skill level 5 in Fighting
  4454 | D:6      | Reached skill level 5 in Shields
  4550 | D:6      | Found a bloodstained altar of Trog.
  4692 | D:6      | Found Sioguvimo's Antique Armour Emporium.
  4705 | D:6      | Found a staircase to the Ecumenical Temple.
  4710 | D:6      | Reached XP level 9. HP: 88/88 MP: 8/8
  5047 | D:6      | Reached skill level 7 in Unarmed Combat
  5525 | Temple   | Entered the Ecumenical Temple
  5634 | Temple   | Became a worshipper of Ashenzari the Shackled
  5634 | Temple   | Reached * piety under Ashenzari
  5634 | Temple   | Reached ** piety under Ashenzari
  5680 | D:7      | Noticed Menkaure
  5687 | D:7      | Killed Menkaure
  5879 | D:7      | Found a sand-covered staircase.
  5895 | Ossuary  | Entered an ossuary
  6217 | D:7      | Noticed Ijyb
  6224 | D:7      | Killed Ijyb
  6311 | D:7      | Noticed JokEr's ghost (novice GrFi)
  6327 | D:7      | Killed JokEr's ghost
  6327 | D:7      | Reached XP level 10. HP: 83/98 MP: 9/9
  6336 | D:7      | Reached skill level 8 in Shields
  6706 | D:7      | Found an iron altar of Okawaru.
  6878 | D:7      | Found a glowing silver altar of Zin.
  6948 | D:7      | Noticed a red ugly thing
  6963 | D:7      | Killed a red ugly thing
  7423 | D:8      | Reached skill level 9 in Shields
  7511 | D:8      | Learned a level 1 spell: Summon Butterflies
  8146 | D:8      | Found a burning altar of Makhleb.
  8333 | D:8      | Found a basalt altar of Yredelemnul.
  8566 | D:9      | Reached skill level 1 in Spellcasting
  8827 | D:9      | Found a staircase to the Orcish Mines.
  8926 | D:9      | Noticed Psyche
  8939 | D:9      | Killed Psyche
  9208 | D:9      | Found a blossoming altar of Fedhas.
  9216 | D:9      | Reached *** piety under Ashenzari
  9306 | D:9      | Found an oddly glowing altar of Pakellas.
  9306 | D:9      | Found Pakellas's Prime Provisions.
  9331 | D:10     | Entered Level 10 of the Dungeon
  9408 | D:10     | Learned a level 2 spell: Blink
  9411 | D:10     | Learned a level 2 spell: Repel Missiles
  9507 | D:10     | Reached skill level 1 in Summonings
  9752 | D:10     | Noticed Fannar
  9800 | D:10     | HP: 5/100 [Fannar/bolt of cold (21)]
  9845 | D:10     | Killed Fannar
  9845 | D:10     | Reached XP level 11. HP: 38/109 MP: 12/14
 10219 | D:10     | Found a shattered altar of Ashenzari.
 10288 | D:10     | Reached skill level 1 in Translocations
 10458 | D:10     | Noticed an unseen horror
 10480 | D:10     | Killed an unseen horror
 11307 | D:11     | Reached skill level 1 in Charms
 11482 | D:11     | Found a staircase to the Lair.
 11913 | Lair:1   | Entered Level 1 of the Lair of Beasts
 11934 | D:11     | Learned a level 2 spell: Corpse Rot
 11937 | D:11     | Got the cursed trident of Zear {freeze, rC- Str+5}
 11938 | D:11     | Identified the cursed +2 trident of Zear {freeze, rC- Str+5} (You found it on level 11 of the Dungeon)
 12228 | Lair:1   | Reached skill level 1 in Air Magic
 12489 | Orc:1    | Entered Level 1 of the Orcish Mines
 13012 | Orc:2    | Noticed Harold
 13094 | Orc:1    | Killed Harold
 13094 | Orc:1    | Reached skill level 1 in Necromancy
 13282 | Orc:2    | Noticed Josephine
 13307 | Orc:1    | Reached skill level 1 in Maces & Flails
 13445 | Orc:2    | Noticed Maurice
 13477 | Orc:2    | Killed Josephine
 13483 | Orc:2    | Reached XP level 12. HP: 42/119 MP: 17/17
 13489 | Orc:2    | Killed Maurice
 14346 | Orc:1    | Reached skill level 5 in Maces & Flails
 14351 | Orc:1    | Identified the +0 leather armour of Birdsong {rF+ rN+ MR+ Str+4} (You found it on level 8 of the Dungeon)
 14716 | D:6      | Bought a bloodstained mottled dragon armour for 1305 gold pieces
 14716 | D:6      | Identified the +4 mottled dragon armour of Untruth {Str+7} (You bought it in a shop on level 6 of the Dungeon)
 15044 | Lair:1   | Noticed a seven-headed hydra
 15319 | Orc:3    | Found a burning altar of Makhleb.
 15970 | Orc:3    | Reached **** piety under Ashenzari
 16345 | Orc:4    | Entered Level 4 of the Orcish Mines
 16350 | Orc:4    | Found a roughly hewn altar of Beogh.
 16711 | Orc:4    | Noticed Saint Roka
 17345 | Orc:4    | Noticed an orc warlord
 18136 | Lair:1   | Killed a ten-headed hydra
 18654 | Lair:1   | Reached skill level 10 in Maces & Flails
 18914 | Lair:1   | Reached XP level 13. HP: 96/127 MP: 18/18
 19723 | Lair:2   | Reached ***** piety under Ashenzari
 19834 | Lair:2   | Reached skill level 1 in Armour
 19902 | Lair:2   | Identified the +14 chain mail of Midwinter {rPois MP+9 Dex+3}
 20344 | Lair:3   | Found a dark tunnel.
 20403 | Volcano  | Entered a volcano
 21046 | Lair:3   | Identified the ring "Yduom" {SustAt Str+3 Int+2}
 21491 | Lair:3   | Identified the +10 long sword of Frustration {vamp, -Tele +Rage rC+++ Int+2}
 21845 | Lair:4   | Reached skill level 5 in Armour
 22036 | Lair:4   | Found a staircase to the Snake Pit.
 22190 | Lair:4   | Found a blossoming altar of Fedhas.
 23577 | Lair:5   | Reached ****** piety under Ashenzari
 23922 | Lair:5   | Noticed Maud
 23958 | Lair:5   | Killed Maud
 24316 | Lair:6   | Identified a +0 rod of clouds (10/10)
 24594 | Lair:6   | Found a staircase to the Swamp.
 24734 | Lair:6   | Identified the +4 rapier "Xepnus" {flame, rN+ MP+9 Str+4}
 24971 | Lair:6   | Reached XP level 14. HP: 100/136 MP: 19/19
 25273 | Lair:7   | Found a viscous altar of Jiyva.
 25295 | Lair:7   | Reached skill level 11 in Maces & Flails
 25532 | Lair:7   | Found a staircase to the Slime Pits.
 26254 | Lair:7   | Identified the +0 cloak "Teus" {rN+ MR+ Int+3}
 26509 | Lair:8   | Entered Level 8 of the Lair of Beasts
 26540 | Lair:8   | Reached skill level 12 in Maces & Flails
 26570 | Lair:8   | Slain by a death yak

Vault maps used:
D:1:      dpeg_arrival_fog
D:2:      kennysheep_goblin_castle, overflow_temple_1_default, first_bread,
          uniq_terence
D:3:      corexii_item_surrounded_by_moat
D:4:      lemuel_doored_altar, portal_sewer_entry_f, serial_park_tiny_2,
          uniq_robin
D:5:      sigmund_army, uniq_edmund
D:6:      old_standard_altar, minmay_temple_entry_glassed_door, serial_shops,
          shop
D:7:      erik_1, old_standard_altar, basic_altar, enter_ossuary_4, the_bakery,
          uniq_menkaure
D:8:      lemuel_round_altar, nicolae_overflow_hidden_temple, minivault_11,
          minmay_misc_feat_chi
D:9:      fedhas_altar_3, johnstein_pakellas_shop, orc_0_dummy, uniq_psyche
D:10:     evilmike_ruin_ashenzari, uniq_fannar
D:11:     lair_0_dummy
Temple:   zaba_magenta_temple_12
Lair:1:   grunt_megastairs_3, lemuel_fruit_fields
Lair:2:   infiniplex_staircase_pool_2, serial_bayou_shore_b
Lair:3:   nicolae_volcano_entry_lava_flow, nicolae_quartered_pool_little
Lair:4:   guppyfry_snake_entry_garden, basic_altar, serial_bayou_shore_a,
          serial_bayou_shore_b
Lair:5:   minmay_lair_drake_nest, uniq_maud
Lair:6:   nicolae_swamp_entry_splash_gauntlet
Lair:7:   slime_altar_1, special_room, grunt_megastairs_4
Lair:8:   hangedman_lair_in_review, minmay_hedge_maze
Orc:2:    guppyfry_library_mini, uniq_harold, uniq_maurice, uniq_josephine
Orc:3:    nicolae_orc_accident_1, basic_altar, nicolae_orc_pool_cavern,
          nicolae_orc_sculptors_studio
Orc:4:    grunt_orc_cross, hangedman_feature_mirror
Sewer:    kennysheep_sewer_church
Ossuary:  ossuary_tomb_3
Volcano:  volcano_bunker

Action                   |  1- 3 |  4- 6 |  7- 9 | 10-12 | 13-15 || total
-------------------------+-------+-------+-------+-------+-------++-------
Melee: Unarmed           |    70 |   237 |   435 |  1265 |       ||  2007
       Battleaxe         |       |       |       |    25 |       ||    25
       Flail             |       |       |       |   241 |  1147 ||  1388
       Giant spiked club |       |       |       |       |   239 ||   239
 Fire: Blowgun           |       |       |     6 |       |       ||     6
Throw: Stone             |       |     7 |     4 |     2 |       ||    13
       Tomahawk          |       |       |       |    20 |    21 ||    41
       Large rock        |       |       |       |     7 |       ||     7
       Throwing net      |       |       |       |     3 |       ||     3
 Cast: Summon Butterflie |       |       |       |     2 |       ||     2
       Blink             |       |       |       |     3 |       ||     3
Evoke: Wand              |       |       |       |     5 |       ||     5
  Use: Scroll            |     4 |     1 |    10 |    29 |    11 ||    55
       Potion            |       |     1 |     6 |    18 |     3 ||    28
 Stab: Sleeping          |     3 |     1 |     4 |     3 |     3 ||    14
       Held in net/web   |       |       |       |     2 |       ||     2
       Distracted        |       |       |       |     1 |     1 ||     2
  Eat: Chunk             |    16 |    11 |    26 |    92 |    58 ||   203
       Bread ration      |       |       |     2 |     6 |     1 ||     9
       Fruit             |       |       |       |       |     6 ||     6
